 Dungeon Crawl Stone Soup version 0.31-a0-167-g1c394c0614 (webtiles) character file.

Game seed: 6792635307215883369

38 qw the Shooter (level 3, -2/32 HPs)
             Began as a Naga Hunter on June 14, 2023.
             Slain by Sigmund
             ... wielding a +1 scythe of protection
              (8 damage)
             ... on level 2 of the Dungeon.
             The game lasted 00:00:20 (993 turns).

qw the Shooter (Naga Hunter)                         Turns: 993, Time: 00:00:21

Health: -2/32      AC:  3    Str: 13    XL:     3   Next: 43%
Magic:  3/3        EV:  9    Int:  9    God:
Gold:   46         SH:  0    Dex: 16    Spells: 2/2 levels left

rFire   . . .        Y - +0 shortbow
rCold   . . .        (shield currently unavailable)
rNeg    . . .        c - +0 leather armour
rPois   +            (no helmet)
rElec   .            i - +0 cloak
rCorr   .            (no gloves)
SInv    +            (no barding)
Will    .....        (no amulet)
Stlth   ++           (no ring)
HPRegen 0.25/turn    (no ring)
MPRegen 0.08/turn

%: no passive effects
@: short of breath, very slow
A: AC +1, large, see invisible, deformed body, poison resistance, slowness 2,
spit poison 1, naga tail 1
a: Spit Poison


You were on level 2 of the Dungeon.
You visited 1 branch of the dungeon, and saw 2 of its levels.

You collected 46 gold pieces.


Innate Abilities, Weirdness & Mutations

Your serpentine skin is tough. (AC +1)
You have supernaturally acute eyesight. (SInv)
Armour fits poorly on your strangely shaped body.
Your system is resistant to poisons. (rPois)
You cover ground very slowly.
You can spit poison.
You have a snake-like lower body.


   Skills:
 - Level 2.0 Fighting
 + Level 4.7 Ranged Weapons
 - Level 1.5 Dodging
 - Level 1.5 Stealth


You had 2 spell levels left.
You didn't know any spells.
Your spell library was empty.

Inventory:

Hand Weapons
 Y - a +0 shortbow (weapon)
Armour
 c - a +0 leather armour (worn)
 i - a +0 cloak (worn)
Jewellery
 a - an amulet of reflection
Potions
 b - a potion of curing {unknown}
 e - a potion of attraction {unknown}
 h - a potion of cancellation
 j - a potion of brilliance {unknown}

Dungeon Overview and Level Annotations

Branches:
Dungeon (2/15)

Altars:

Annotations:
D:2 1 runed translucent door, Crazy Yiuf, Sigmund


Message History

The splash of poison hits the hobgoblin.
The hobgoblin is severely wounded.
The hobgoblin completely misses you.
You shoot an arrow. The arrow hits the hobgoblin.
You kill the hobgoblin!
Sigmund casts a spell at you.
You are confused.
The dart slug launches a dart at you. The slug dart hits you.
Sigmund hits you from afar with a +1 scythe of protection.
The dart slug launches a dart at you.
The slug dart hits Sigmund but does no damage.
You have got your breath back.
Sigmund hits you from afar with a +1 scythe of protection.
You feel less confused. The dart slug launches a dart at you.
The slug dart hits Sigmund.
Sigmund barely misses you.
987 ||| Stepping ~*~*~tactically~*~*~ (outnumbered).
988 ||| INVOKING Spit Poison.
Aiming: Spit Poison (2% risk of failure)
Press: ? - help, Shift-Dir - straight line, f - Sigmund The splash of poison misses Sigmund.
You shoot an arrow. The arrow closely misses Sigmund.
Sigmund hits you from afar with a +1 scythe of protection.
You shoot an arrow. The arrow barely misses Sigmund.
You shoot an arrow.
The arrow hits Sigmund but does no damage.
Sigmund is lightly wounded.
Sigmund hits you from afar with a +1 scythe of protection.
You shoot an arrow. The arrow hits Sigmund.
Sigmund is moderately wounded.
You have got your breath back.
Sigmund hits you from afar with a +1 scythe of protection!
993 ||| INVOKING Spit Poison.
Aiming: Spit Poison (2% risk of failure)
Press: ? - help, Shift-Dir - straight line, f/p - Sigmund The splash of poison hits Sigmund!
Sigmund is poisoned.
Sigmund is heavily wounded.
Sigmund hits you from afar with a +1 scythe of protection!
You die...

...# ...# ...+
...#.# ...#..
...#.#
#######@w.#.#
#....@)####.#
#...........#
#%..........###
#.............#
###..[.####...#
#######....# #...#
..# #..........#
#...# ...
#..........####...#
#..
#..........##.+...#


You could see Sigmund (invisible, poisoned) and a dart slug.

Vanquished Creatures
  A gnoll (D:1)
  2 ball pythons (D:1)
  5 bats
  2 endoplasms
  2 giant cockroaches
  A goblin (D:2)
  3 hobgoblins
  4 quokkas (D:1)
  2 kobolds (D:1)
  3 rats
25 creatures vanquished.

Notes
Turn   | Place    | Note
-------+----------+-------------------------------------------
     0 | D:1      | qw the Naga Hunter began the quest for the Orb.
     0 | D:1      | Reached XP level 1. HP: 19/19 MP: 1/1
     0 | D:1      | 0 ||| qw: Version: 0.2-a-29-g1fa15c8
     0 | D:1      | 0 ||| qw: Game counter: 5102
     0 | D:1      | 0 ||| qw: Always use a shield: true
     0 | D:1      | 0 ||| qw: God list: Okawaru
     0 | D:1      | 0 ||| qw: Allow faded altars: false
     0 | D:1      | 0 ||| qw: Do Orc after D:15 true
     0 | D:1      | 0 ||| qw: Do second Lair branch before Depths: true
     0 | D:1      | 0 ||| qw: Lair rune preference: random
     0 | D:1      | 0 ||| qw: Plans: Normal
     0 | D:1      | 0 ||| PLANNING D:1-11
    24 | D:1      | 24 ||| INVOKING Spit Poison.
    36 | D:1      | 36 ||| INVOKING Spit Poison.
    40 | D:1      | Reached skill level 4 in Ranged Weapons
    40 | D:1      | Reached XP level 2. HP: 26/26 MP: 2/2
    41 | D:1      | 41 ||| INVOKING Spit Poison.
    46 | D:1      | 46 ||| INVOKING Spit Poison.
    51 | D:1      | 51 ||| INVOKING Spit Poison.
   123 | D:1      | 123 ||| INVOKING Spit Poison.
   258 | D:1      | Reached XP level 3. HP: 32/32 MP: 3/3
   275 | D:1      | 275 ||| INVOKING Spit Poison.
   433 | D:1      | 433 ||| INVOKING Spit Poison.
   474 | D:1      | 474 ||| INVOKING Spit Poison.
   564 | D:1      | 564 ||| INVOKING Spit Poison.
   627 | D:1      | 627 ||| INVOKING Spit Poison.
   861 | D:1      | 861 ||| UPGRADING to +0 cloak.
   866 | D:1      | 866 ||| READING scroll labelled OSE SUWUNILLE.
   870 | D:1      | 870 ||| READING scroll labelled OSAD ZUUKIATO.
   871 | D:1      | 871 ||| READING scroll labelled UFFUUS TUURUI.
   872 | D:1      | 872 ||| READING scroll labelled DYOWNOBONU.
   873 | D:1      | 873 ||| DRINKING 2 red potions.
   874 | D:1      | 874 ||| DROPPING scroll of butterflies.
   882 | D:2      | 882 ||| INVOKING Spit Poison.
   949 | D:2      | Found a runed translucent door.
   950 | D:2      | Noticed Crazy Yiuf
   975 | D:2      | Noticed Sigmund
   976 | D:2      | 976 ||| Stepping ~*~*~tactically~*~*~ (outnumbered).
   977 | D:2      | 977 ||| INVOKING Spit Poison.
   980 | D:2      | 980 ||| INVOKING Spit Poison.
   987 | D:2      | 987 ||| Stepping ~*~*~tactically~*~*~ (outnumbered).
   988 | D:2      | 988 ||| INVOKING Spit Poison.
   992 | D:2      | HP: 5/32 [Sigmund/+1 scythe of protection (11)]
   993 | D:2      | 993 ||| INVOKING Spit Poison.
   993 | D:2      | Slain by Sigmund

Levels and vault maps discovered:
D:1:      lemuel_arrival_funnel, layout_basic, chequers_serial_rivers_large_a,
          minmay_misc_feat_square, minmay_ruptured
D:2:      layout_basic, minmay_split_cup_small, uniq_crazy_yiuf_cottage,
          uniq_sigmund

Skill      XL: |  1 |
---------------+----+-----
Ranged Weapons | 4 |  4.7
Fighting       | |  2.0
Dodging        | |  1.5
Stealth        | |  1.5

Action                     || total
---------------------------++-------
   Fire: Shortbow          ||    43
Ability: Spit Poison       ||    16
    Use: Scroll            ||     4
         Potion            ||     1
 Armour: Leather armour    ||     2
  Dodge: Dodged            ||     7

Table legend:
 A = Non-vault XP
 B = Vault XP
 C = Vault XP percentage of total XP
 D = Non-vault monster count
 E = Vault monster count
 F = Vault count percentage of total count
                 A         B        C        D         E       F
            +---------+---------+-------+---------+---------+-------
      Total |      45 |      10 |  18.2 |      19 |       6 |  24.0
            +---------+---------+-------+---------+---------+-------
        D:1 |      35 |      10 |  22.2 |      13 |       6 |  31.6
        D:2 |      10 |       0 |   0.0 |       6 |       0 |   0.0
            +---------+---------+-------+---------+---------+-------
